 Dungeon Crawl Stone Soup version 0.23.1-37-gaa34b87b72 (webtiles) character file.

Game seed: 1834223685904578605

190 MisterOstroum the Conjurer (level 5, -5/38 HPs)
             Began as a Draconian Conjurer on Mar 22, 2019.
             Killed by divine providence
             ... invoked by an orc priest
              (13 damage)
             ... on level 3 of the Dungeon.
             The game lasted 00:17:13 (2079 turns).

MisterOstroum the Conjurer (Draconian Conjurer)     Turns: 2079, Time: 00:17:13

Health: -5/38      AC:  6    Str: 11    XL:     5   Next: 41%
Magic:  1/11       EV: 12    Int: 16    God:
Gold:   105        SH:  0    Dex: 11    Spells: 9/12 levels left

rFire    . . .     SeeInvis .   f - +3 dagger
rCold    . . .     Gourm    .   (no shield)
rNeg     . . .     Faith    .   (armour unavailable)
rPois    .         Spirit   .   (helmet restricted)
rElec    .         Reflect  .   (no cloak)
rCorr    .         Harm     .   e - +0 pair of gloves
MR       .....                  (no boots)
Stlth    ++........             (no amulet)
HPRegen  0.12/turn              (no ring)
MPRegen  0.12/turn              (no ring)

@: no status effects
A: unfitting armour, cold-blooded, AC +5
a: no special abilities


You were on level 3 of the Dungeon.
You were hungry.

You visited 1 branch of the dungeon, and saw 3 of its levels.

You collected 105 gold pieces.

Inventory:

Hand Weapons
 f - a +3 dagger (weapon)
Missiles
 k - 5 tomahawks (quivered)
Armour
 e - a +0 pair of gloves (worn)
Scrolls
 a - 2 scrolls of remove curse {unknown}
 d - 2 scrolls of identify {unknown}
 g - a scroll of enchant weapon {unknown}
 h - a scroll of teleportation {unknown}
 i - a scroll of amnesia {unknown}
 j - a scroll of random uselessness {unknown}
 l - 2 scrolls of magic mapping {unknown}
 m - a scroll of fog {unknown}
 n - a scroll of enchant armour {unknown}
Potions
 c - 3 potions of curing {unknown}
Comestibles
 b - 3 rations
 o - a chunk of flesh


   Skills:
 - Level 1.7 Dodging
 - Level 1.7 Stealth
 - Level 4.0 Spellcasting
 + Level 5.5 Conjurations


You had 9 spell levels left.
You knew the following spells:

 Your Spells              Type           Power        Failure   Level  Hunger
a - Magic Dart            Conj           ###.         1%          1    None
b - Searing Ray           Conj           ###...       2%          2    ##.....

Your spell library contained the following spells:

 Spells                   Type           Power        Failure   Level  Hunger
 Dazzling Spray           Conj/Hex       ##....       16%         3    ###....
 Corona                   Hex            #......      17%         1    None
 Iskenderun's Mystic Bla  Conj           ###.....     17%         4    ####...
 Ensorcelled Hibernation  Hex/Ice        #.....       26%         2    ##.....
 Confuse                  Hex            #.......     45%         3    ###....
 Tukima's Dance           Hex            #.......     45%         3    ###....
 Force Lance              Conj/Tloc      ##......     47%         4    ####...
 Fulminant Prism          Conj/Hex       ##........   47%         4    ####...


Dungeon Overview and Level Annotations

Branches:
Dungeon (3/15)

Altars:
Fedhas


Innate Abilities, Weirdness & Mutations

Your plain brown scales are hard. (AC +5)
You cannot fit into any form of body armour.
You are cold-blooded and may be slowed by cold attacks.


Message History

Aim: an orc priest, wielding a +0 short sword and wearing a +0 leather armour (severely wounded)
The searing ray hits the orc.
You kill the orc! (Press . to maintain the ray.)
The searing ray hits the orc priest.
The orc priest is almost dead.
The orc priest calls down the wrath of Beogh upon you.
Beogh smites you!
* * * LOW HITPOINT WARNING * * *
You hear a shout!
The searing ray hits the orc priest!
You kill the orc priest!
Training target 4.0 for Spellcasting reached!
Your Spellcasting skill increases to level 4!
The orc priest shouts!
Items here: ))))) [ †† The orc priest looks encouraged for a moment.
The orc priest invokes the aid of Beogh against you.
Beogh smites you!
You die...

######......##.#
#...##......'...
####...##......#...
#......#####...'...
#.###'## #####...
#.# #.# #...
#########.###+###
#...
#.()..o.........#
#...
#)#######.@..÷..#
#... ... #.......#
#... !....
#.......# ##..
#..o.. #.......#
#.. #.....
#####'#### #..
#.....
#....########..
#.....
#..#.##..(.....
#.....)..(.....
####....##..(####.


You could see an orc priest.

Vanquished Creatures
  2 orc priests (D:3)
  5 adders (D:3)
  2 oozes
  2 worms
  2 dart slugs (D:1)
  5 orcs (D:3)
  6 giant cockroaches
  12 hobgoblins
  A jackal (D:1)
  7 kobolds
  A quokka (D:3)
  4 bats
  4 frilled lizards
  8 goblins
  4 rats
65 creatures vanquished.

Notes
Turn   | Place    | Note
-------+----------+-------------------------------------------
     0 | D:1      | MisterOstroum the Draconian Conjurer began the quest for
                  | the Orb.
     0 | D:1      | Reached XP level 1. HP: 14/14 MP: 3/3
    64 | D:1      | Reached XP level 2. HP: 17/20 MP: 0/5
   253 | D:1      | Learned a level 2 spell: Searing Ray
   459 | D:1      | Reached XP level 3. HP: 26/26 MP: 1/7
  1031 | D:2      | Found a blossoming altar of Fedhas.
  1345 | D:3      | Reached XP level 4. HP: 33/33 MP: 3/8
  1484 | D:3      | Reached skill level 5 in Conjurations
  2030 | D:3      | Reached XP level 5. HP: 38/38 MP: 6/10
  2079 | D:3      | Killed from afar by an orc priest

Skill      XL: |  1  2  3  4  5 |
---------------+----------------+-----
Spellcasting   | 3 4 |  4.0
Conjurations   | 5 |  5.5
Dodging        | |  1.7
Stealth        | |  1.7

Action                   |  1- 3 |  4- 6 || total
-------------------------+-------+-------++-------
Melee: Unarmed           |     9 |       ||     9
       Tailslap          |     4 |     4 ||     8
       Club              |    24 |       ||    24
       Dagger            |    29 |    32 ||    61
Throw: Tomahawk          |       |     3 ||     3
 Cast: Magic Dart        |    54 |    32 ||    86
       Searing Ray       |     4 |     6 ||    10
 Stab: Sleeping          |     2 |       ||     2
  Eat: Chunk             |     2 |     2 ||     4
Armor: Skin              |    20 |    11 ||    31
Dodge: Dodged            |    51 |    20 ||    71
